 Dungeon Crawl Stone Soup version 0.29-a0-598-gd8304a5bf4 (webtiles) character file.

Game seed: 4637127090777456889

1958 chronatog the Protected (level 9, -8/65 HPs)
             Began as a Gnoll Wanderer on June 16, 2022.
             Engulfed by a cloud of flame (10 damage)
             ... in a bailey.
             The game lasted 00:29:32 (7203 turns).

chronatog the Protected (Gnoll Wanderer)            Turns: 7203, Time: 00:29:34

Health: -8/65      AC: 11    Str: 15    XL:     9   Next: 19%
Magic:  12/15      EV: 12    Int: 14    God:
Gold:   241        SH:  0    Dex: 10    Spells: 12/16 levels left

rFire   . . .      SeeInvis .   y - +5 hand axe (flame)
rCold   . . .      Faith    .   (no shield)
rNeg    + . .      Spirit   .   p - +0 troll leather armour
rPois   .          Reflect  .   (helmet currently unavailable)
rElec   .          Harm     .   (no cloak)
rCorr   .          Rampage  .   D - +0 pair of gloves
Will    .....                   (boots currently unavailable)
Stlth   +++.......              (no amulet)
HPRegen 1.00/turn               k - +4 ring of protection
MPRegen 0.14/turn               o - ring of positive energy

@: appendages
A: horns 2, talons 2, fangs 1, strong nose, distributed training
a: End Transformation


You were in a bailey.
You had temporarily grown beastly horns and talons.
You visited 2 branches of the dungeon, and saw 8 of its levels.
You also visited: Bailey.

You collected 241 gold pieces.

Inventory:

Hand Weapons
 a - a +0 shortbow
 f - a +1 antimagic spear
 y - a +5 hand axe of flaming (weapon)
 z - a +0 hunting sling of flaming
 F - a +3 spear of venom
Missiles
 c - 9 boomerangs (quivered)
 B - 117 stones
 C - 2 boomerangs of dispersal
Armour
 p - a +0 troll leather armour (worn)
 u - a +0 pair of boots (melded)
 D - a +0 pair of gloves (worn)
Magical Staves
 b - a staff of poison
Jewellery
 h - a ring of protection from cold
 k - a +4 ring of protection (left hand)
 o - a ring of positive energy (right hand)
 E - a ring of flight
Wands
 v - a wand of iceblast (7)
Scrolls
 e - 3 scrolls of blinking
 i - a scroll of amnesia {unknown}
 m - a scroll of fear
 r - a scroll of magic mapping {unknown}
 w - 2 scrolls of teleportation
 x - a scroll of fog {unknown}
 A - a scroll of vulnerability {unknown}
Potions
 d - a potion of flight
 g - a potion of magic
 j - 3 potions of lignification
 l - a potion of resistance
 n - a potion of might
 s - a potion of haste {unknown}
 t - a potion of brilliance


   Skills:
 + Level 4.0 Fighting
 + Level 4.0 Short Blades
 + Level 4.0 Long Blades
 + Level 4.0 Axes
 + Level 4.0 Maces & Flails
 + Level 4.0 Polearms
 + Level 4.0 Staves
 + Level 4.0 Slings
 + Level 4.8 Bows
 + Level 4.0 Crossbows
 + Level 4.8 Throwing
 + Level 11.2 Armour
 + Level 4.8 Dodging
 + Level 5.8 Stealth
 + Level 4.0 Shields
 + Level 4.0 Unarmed Combat
 + Level 4.0 Spellcasting
 + Level 3.3 Conjurations
 + Level 3.3 Hexes
 + Level 3.3 Summonings
 + Level 3.3 Necromancy
 + Level 3.3 Translocations
 + Level 3.3 Transmutations
 + Level 3.3 Fire Magic
 + Level 3.3 Ice Magic
 + Level 3.3 Air Magic
 + Level 3.3 Earth Magic
 + Level 3.3 Poison Magic
 + Level 4.4 Invocations
 + Level 4.0 Evocations


You had 12 spell levels left.
You knew the following spells:

 Your Spells              Type           Power      Damage    Failure   Level
a - Beastly Appendage     Tmut           24%        N/A       6%          1
b - Inner Flame           Hex/Fire       12%        N/A       17%         3

Your spell library contained the following spells:

 Spells                   Type           Power      Damage    Failure   Level
 Apportation              Tloc           24%        N/A       6%          1
 Necrotize                Necr           48%        1d6       6%          1
 Summon Small Mammal      Summ           48%        N/A       6%          1
 Wereblood                Tmut           12%        N/A       9%          2
 Spider Form              Tmut/Pois      12%        N/A       17%         3
 Cause Fear               Hex            6%         N/A       50%         4
 Discord                  Hex            6%         N/A       100%        8


Dungeon Overview and Level Annotations

Branches:
Dungeon (7/15)             Temple (1/1) D:5          Bailey (1/1)

Altars:
Cheibriados
Dithmenos
Elyvilon
Fedhas
Gozag
Hepliaklqana
Kikubaaqudgha
Makhleb
Nemelex Xobeh
Okawaru
Sif Muna
Uskayaw
Vehumet
Wu Jian
Yredelemnul
Zin

Annotations:
D:3 Sigmund


Innate Abilities, Weirdness & Mutations

You have temporarily grown beastly horns and talons.
You have very sharp teeth.
Your uncanny sense of smell can sniff out nearby items.
Your experience applies equally to all skills.


Message History

Aim: an orc warrior, wielding a +0 broad axe and wearing a +0 scale mail (chance to affect: 64%)
The orc warrior is filled with an inner flame.
The orc warrior misses you.
You closely miss the orc warrior.
You bite the orc warrior, but do no damage.
The orc warrior hits you with a +0 broad axe.
You hit the orc warrior but do no damage.
The orc warrior hits you with a +0 broad axe!
You closely miss the orc warrior.
The orc warrior hits you with a +0 broad axe!
You hit the orc warrior.
Flame seeps out of the orc warrior.
You burn the orc warrior.
Flame seeps out of the orc warrior.
The orc warrior is lightly wounded.
The orc warrior is engulfed in blazing flames.
Flame seeps out of the orc warrior.
The orc warrior misses you.
The orc warrior attacks as you move away!
The orc warrior hits you with a +0 broad axe.
The orc warrior is engulfed in blazing flames.
Flame seeps out of the orc warrior.
The orc warrior attacks as you move away!
The orc warrior hits you with a +0 broad axe!
The orc warrior attacks as you move away!
The orc warrior closely misses you.
Casting: Inner Flame (dangerous; 17% risk of failure)
Confirm with . or Enter, or press ? or * to list all spells.
You grow a pair of large bovine horns.
Your feet morph into talons.
Your +0 pair of boots melds into your body.
The orc warrior misses you.
You closely miss the orc warrior.
You claw the orc warrior, but do no damage.
The orc warrior is heavily wounded.
The orc warrior misses you.
You slash the orc warrior!
Flame seeps out of the orc warrior.
You burn the orc warrior.
Flame seeps out of the orc warrior.
You claw the orc warrior.
The orc warrior explodes!
The fiery explosion engulfs you!!
* * * LOW HITPOINT WARNING * * *
You are engulfed in blazing flames.
You die...

##....)....##
#.....⌠.....#######
##.........##.....##
+.........'.......#
##.......##.......##
#.......#)........#
##.....##.).......##
#######....§§§....#
∆∆∆∆∆##...@○§...#
∆∆∆∆∆∆∆#...§§....#
##.......##
#)......# ##.....##
####+##


There were no monsters in sight!

Vanquished Creatures
  An unseen horror (D:7)
  An orc warrior (Bailey)
  An ice beast (D:7)
  A sky beast (D:6)
  4 centaurs
  2 necrophages
  4 scorpions
  A gnoll sergeant (D:6)
  3 hounds
  2 jellies (D:6)
  5 orc priests
  Jessica (D:3)
  A gnoll shaman (D:6)
  Terence (D:3)
  4 iguanas
  An orc wizard (D:5)
  5 gnolls (D:6)
  9 adders
  2 ufetubi
  2 worms
  A dart slug (D:4)
  20 orcs
  3 ball pythons (D:1)
  6 bats
  8 endoplasms
  2 giant cockroaches
  13 goblins
  5 hobgoblins
  4 jackals (D:3)
  4 quokkas
  A frilled lizard (D:1)
  6 kobolds
  4 rats
128 creatures vanquished.

Notes
Turn   | Place    | Note
-------+----------+-------------------------------------------
     0 | D:1      | Reached skill level 10 in Armour
     0 | D:1      | chronatog the Gnoll Wanderer began the quest for the Orb.
     0 | D:1      | chronatog set off with the following items: a +0 shortbow,
                  | a +0 chain mail, 9 boomerangs, a +0 dagger, a scroll of
                  | blinking.
     0 | D:1      | Reached XP level 1. HP: 13/13 MP: 1/1
    85 | D:1      | Found a faded altar of an unknown god.
   427 | D:1      | Reached XP level 2. HP: 17/19 MP: 2/2
  1005 | D:1      | Learned a level 1 spell: Beastly Appendage
  1131 | D:2      | Reached XP level 3. HP: 25/25 MP: 3/3
  1174 | D:2      | Found a shimmering blue altar of Sif Muna.
  2047 | D:2      | Reached skill level 1 in Invocations
  2170 | D:2      | Reached skill level 1 in Fighting
  2170 | D:2      | Reached skill level 1 in Short Blades
  2170 | D:2      | Reached skill level 1 in Long Blades
  2170 | D:2      | Reached skill level 1 in Axes
  2170 | D:2      | Reached skill level 1 in Maces & Flails
  2170 | D:2      | Reached skill level 1 in Polearms
  2170 | D:2      | Reached skill level 1 in Staves
  2170 | D:2      | Reached skill level 1 in Slings
  2170 | D:2      | Reached skill level 1 in Crossbows
  2170 | D:2      | Reached skill level 1 in Shields
  2170 | D:2      | Reached skill level 1 in Unarmed Combat
  2170 | D:2      | Reached skill level 1 in Spellcasting
  2170 | D:2      | Reached skill level 1 in Evocations
  2561 | D:3      | Noticed Terence
  2583 | D:3      | Killed Terence
  2584 | D:3      | Reached XP level 4. HP: 31/32 MP: 5/5
  2653 | D:3      | Reached skill level 1 in Conjurations
  2653 | D:3      | Reached skill level 1 in Hexes
  2653 | D:3      | Reached skill level 1 in Summonings
  2653 | D:3      | Reached skill level 1 in Necromancy
  2653 | D:3      | Reached skill level 1 in Translocations
  2653 | D:3      | Reached skill level 1 in Transmutations
  2653 | D:3      | Reached skill level 1 in Fire Magic
  2653 | D:3      | Reached skill level 1 in Ice Magic
  2653 | D:3      | Reached skill level 1 in Air Magic
  2653 | D:3      | Reached skill level 1 in Earth Magic
  2653 | D:3      | Reached skill level 1 in Poison Magic
  2688 | D:3      | Noticed Jessica
  2700 | D:3      | Killed Jessica
  2701 | D:3      | Reached XP level 5. HP: 37/37 MP: 6/6
  2822 | D:3      | Found a shadowy altar of Dithmenos.
  2965 | D:3      | Noticed Sigmund
  3020 | D:4      | Noticed a centaur
  3053 | D:4      | Killed a centaur
  3054 | D:4      | Reached XP level 6. HP: 29/44 MP: 8/8
  3413 | D:4      | Found a hide-covered altar of Uskayaw.
  3446 | D:4      | Found an opulent altar of Gozag.
  4063 | D:4      | Identified the +0 chain mail "Hyxuekit" {rN+}
  4269 | D:5      | Entered Level 5 of the Dungeon
  4300 | D:5      | Reached XP level 7. HP: 46/51 MP: 10/10
  4471 | D:5      | Reached skill level 5 in Stealth
  4817 | D:5      | Found a sparkling altar of Nemelex Xobeh.
  4939 | D:5      | Found a staircase to the Ecumenical Temple.
  4952 | Temple   | Entered the Ecumenical Temple
  5169 | D:5      | Reached XP level 8. HP: 52/57 MP: 10/12
  5671 | D:6      | Found a shimmering blue altar of Sif Muna.
  5721 | D:6      | Found a radiant altar of Vehumet.
  5965 | D:6      | Reached skill level 11 in Armour
  6423 | D:6      | Learned a level 3 spell: Inner Flame
  6901 | D:7      | Killed an unseen horror
  6902 | D:7      | Reached XP level 9. HP: 38/65 MP: 14/14
  7090 | D:7      | Found a flagged portal.
  7106 | Bailey   | Entered a bailey
  7203 | Bailey   | HP: 2/65 [spore (24)]
  7203 | Bailey   | Engulfed by a cloud of flame

Illustrated notes

Levels and vault maps discovered:
D:1:      scummos_arrival_star, layout_loops_ring,
          hellmonk_ecumenical_altar_run_dry, minivault_25,
          nicolae_figureground_sparkle
D:2:      minmay_spotlight, layout_basic, basic_altar, grunt_ministairs_2
D:3:      layout_rooms, grunt_dithmenos_smoke, serial_shops,
          nicolae_shop_window_shopping, uniq_sigmund, uniq_jessica, uniq_terence
D:4:      layout_layer_cave, mainiacjoe_overflow_24_doors,
          mainiacjoe_overflow_surrounded_room
D:5:      layout_basic, lemuel_crystal_altar, minmay_temple_entry_mist
D:6:      layout_loops_ring, mainiacjoe_overflow_two_lobes,
          chequers_serial_rivers_small_a, kennysheep_generic_room_5
D:7:      layout_rooms, nicolae_overflow_crystal_walls,
          grunt_temple_overflow_open, enter_bailey_3, minmay_misc_feat_columns,
          roderic_batcave, kennysheep_cross_bottleneck,
          hangedman_abyss_or_decor_lesser_grid, nicolae_shop_clearance,
          uniq_menkaure
Temple:   dpeg_chambers_temple
Bailey:   bailey_axe_minmay_hex_keep, bailey

Skill      XL: |  1  2  3  4  5  6  7  8  9 |
---------------+----------------------------+-----
Armour         | 11 | 11.2
Invocations    | 1 2 3 4 |  4.4
Fighting       | 1 2 3 4 |  4.0
Short Blades   | 1 2 3 4 |  4.0
Long Blades    | 1 2 3 4 |  4.0
Axes           | 1 2 3 4 |  4.0
Maces & Flails | 1 2 3 4 |  4.0
Polearms       | 1 2 3 4 |  4.0
Staves         | 1 2 3 4 |  4.0
Slings         | 1 2 3 4 |  4.0
Crossbows      | 1 2 3 4 |  4.0
Shields        | 1 2 3 4 |  4.0
Unarmed Combat | 1 2 3 4 |  4.0
Spellcasting   | 1 2 3 4 |  4.0
Evocations     | 1 2 3 4 |  4.0
Conjurations   | 1 2 3 |  3.3
Hexes          | 1 2 3 |  3.3
Summonings     | 1 2 3 |  3.3
Necromancy     | 1 2 3 |  3.3
Translocations | 1 2 3 |  3.3
Transmutations | 1 2 3 |  3.3
Fire Magic     | 1 2 3 |  3.3
Ice Magic      | 1 2 3 |  3.3
Air Magic      | 1 2 3 |  3.3
Earth Magic    | 1 2 3 |  3.3
Poison Magic   | 1 2 3 |  3.3
Bows           | 3 4 |  4.8
Throwing       | 3 4 |  4.8
Dodging        | 3 4 |  4.8
Stealth        | 5 |  5.8

Action                   |  1- 3 |  4- 6 |  7- 9 || total
-------------------------+-------+-------+-------++-------
Melee: Spear             |   136 |   256 |   100 ||   492
       Bite              |    15 |    26 |    32 ||    73
       Punch             |     1 |     6 |     5 ||    12
       Kick              |     1 |    25 |    30 ||    56
       Headbutt          |       |    11 |    16 ||    27
       Hand axe          |       |       |   168 ||   168
 Cast: Beastly Appendage |     2 |    12 |    17 ||    31
       Inner Flame       |       |       |     2 ||     2
  Use: Potion            |     3 |       |     8 ||    11
       Scroll            |       |     1 |    11 ||    12
 Stab: Sleeping          |     5 |     3 |     4 ||    12
       Invisible         |     1 |       |       ||     1
Armor: Chain mail        |    43 |       |       ||    43
       Leather armour    |    20 |       |       ||    20
       Troll leather arm |    18 |   161 |   149 ||   328
       Skin              |       |       |     8 ||     8
Dodge: Dodged            |    54 |   224 |   159 ||   437

Table legend: (Time is in decaauts)
 A = Elapsed time spent in this place.
 B = Non-inter-level travel time spent in this place.
 C = Inter-level travel time spent in this place.
 D = Time resting spent in this place.
 E = Time spent auto-exploring this place.
 F = Levels seen in this place.
 G = Mean time per level.
                   A        B        C        D        E       F      G
               +--------+--------+--------+--------+--------+-----+--------+
         Total |   7244 |   6541 |    703 |    583 |   4372 |   9 |  804.9 |
       Dungeon |   6942 |   6250 |    692 |    583 |   4187 |   7 |  991.7 |
        Temple |    204 |    193 |     11 |      0 |    185 |   1 |  204.0 |
        Bailey |     97 |     97 |      0 |      0 |      0 |   1 |   97.0 |
               +--------+--------+--------+--------+--------+-----+--------+

Top non-repeatable levels by time:
     D:6: 1411 daAuts
     D:2: 1409 daAuts
     D:4: 1406 daAuts
     D:1: 1131 daAuts
     D:5: 854 daAuts
     D:3: 487 daAuts
     D:7: 241 daAuts
  Temple: 204 daAuts
  Bailey: 97 daAuts
